[Event "Saturday Night Engine Tour 13 rd Swiss 5m+1s Starts at 2200hrs ST"]
[Site "Infinity Chess"]
[Date "2018.1.14"]
[Round "10"]
[White "BlitzMaster"]
[Black "MiKachomiKa QueeN"]
[Result "1/2-1/2"]
[ECO "C50"]
[WhiteElo "2567"]
[BlackElo "2485"]
[WhiteEngine "stockfish_18010422_x64_modern_CTG"]
[BlackEngine "stockfish_18011309_x64_modern_CTG"]
[EventType "Swiss"]
[WhiteTeam ""]
[BlackTeam ""]
[PlyCount "203"]
[TimeControl "300+1"]

1. e4 e5 2. Nf3 Nc6 3. Bc4 Bc5 4. O-O Nf6 5. d3 d6 6. c3 O-O 7. h3 h6 8. Bb3 a6 
9. Bc2 Ba7 10. Nbd2 Re8 11. a4 Be6 12. Re1 a5 13. Nc4 Nxe4 14. Rxe4 d5 
15. Rxe5 dxc4 16. Re2 cxd3 17. Bxd3 Qd6 18. Be3 Bxe3 19. Rxe3 Bd5 20. Qe2 Rxe3 
21. Qxe3 Rd8 22. Rd1 Qe6 23. Qf4 Bxf3 24. Qxf3 Ne5 25. Qe3 Nxd3 26. Rxd3 Rxd3 
27. Qxd3 Qe1+ 28. Kh2 Qxf2 29. Qd8+ Kh7 30. Qxc7 Qxb2 31. Qxa5 Qf2 32. Qc7 b6 
33. Qe5 f5 34. Kh1 f4 35. Qe4+ Kh8 36. Kh2 Qg3+ 37. Kh1 Qxc3 38. Qxf4 Qe1+ 
39. Kh2 Qc3 40. Qb8+ Kh7 41. Qxb6 Qe5+ 42. Kg1 Qe1+ 43. Kh2 Qe5+ 44. Kg1 Qa1+ 
45. Kf2 Qa2+ 46. Ke1 Qxa4 47. Qb1+ g6 48. Qb7+ Kg8 49. Kf2 Qd4+ 50. Ke1 g5 
51. Qf3 Qe5+ 52. Kf1 Kh8 53. Kf2 Qd4+ 54. Ke1 g4 55. hxg4 Qg1+ 56. Ke2 Qd4 
57. g3 Qe5+ 58. Kf2 Qd4+ 59. Kg2 h5 60. gxh5 Qe5 61. g4 Qd4 62. Qf8+ Kh7 
63. Qf5+ Kg7 64. Qg5+ Kh8 65. Qh6+ Kg8 66. Qg6+ Kh8 67. Qe8+ Kg7 68. Qe7+ Kg8 
69. Kf3 Qc3+ 70. Qe3 Qc6+ 71. Kg3 Qd6+ 72. Kg2 Kh7 73. Qf3 Qd2+ 74. Kg3 Qd6+ 
75. Kf2 Kg8 76. Qa8+ Kg7 77. Qa1+ Kh7 78. Qa7+ Kh6 79. Qe3+ Kh7 80. Kg2 Qd5+ 
81. Kh3 Qd6 82. Qe8 Qa3+ 83. Kh4 Qd6 84. Qe3 Kg7 85. Qa7+ Kh8 86. Qa8+ Kg7 
87. Qa7+ Kh8 88. Qg1 Qf6+ 89. Kh3 Qf3+ 90. Kh2 Qe2+ 91. Qg2 Qd1 92. Qa8+ Kg7 
93. Qa7+ Kf6 94. Kg3 Qd6+ 95. Kh3 Qd1 96. Qb6+ Kg7 97. Qg6+ Kh8 98. Qf6+ Kh7 
99. Qf5+ Kg7 100. Qe5+ Kh7 101. Kh4 Qd2 102. Qf5+ 1/2-1/2

[Event "Saturday Night Engine Tour 13 rd Swiss 5m+1s Starts at 2200hrs ST"]
[Site "Infinity Chess"]
[Date "2018.1.14"]
[Round "10"]
[White "Thor"]
[Black "pablo"]
[Result "1/2-1/2"]
[ECO "C50"]
[WhiteElo "2615"]
[BlackElo "2504"]
[WhiteEngine "asmFishW_2017-11-19_bmi2"]
[BlackEngine "asmFishW_2017-12-20_bmi2_CTG"]
[EventType "Swiss"]
[WhiteTeam ""]
[BlackTeam ""]
[PlyCount "126"]
[TimeControl "300+1"]

1. e4 e5 2. Nf3 Nc6 3. Bc4 Bc5 4. O-O Nf6 5. d3 d6 6. c3 O-O 7. Nbd2 a5 
8. Re1 Ba7 9. Nf1 Be6 10. Bb5 Ne7 11. d4 exd4 12. Nxd4 Ng6 13. Ba4 h6 
14. Nxe6 fxe6 15. Be3 Bxe3 16. Nxe3 Kh8 17. Rf1 Nxe4 18. Bc2 d5 19. Bxe4 dxe4 
20. Qa4 Nf4 21. Qxe4 Qd3 22. Qxd3 Nxd3 23. Rab1 Rfd8 24. Rfd1 g5 25. Rd2 Rd7 
26. Rbd1 Rad8 27. Nc4 Rd5 28. b3 Kg7 29. Nxa5 Rxa5 30. Rxd3 Rxd3 31. Rxd3 Rxa2 
32. Rd7+ Kg6 33. h4 Ra3 34. Rxc7 Rxb3 35. hxg5 hxg5 36. Kh2 Rb2 37. f3 Kf5 
38. Kh3 b6 39. Kh2 Ra2 40. Kh3 Rb2 41. g4+ Ke5 42. Kg3 Rc2 43. c4 b5 
44. Rc5+ Kf6 45. Rxb5 Rxc4 46. Rb8 Kg6 47. Rg8+ Kf6 48. Kh3 Rc3 49. Kg3 Rc1 
50. Rf8+ Kg6 51. Re8 Kf6 52. Rb8 Rg1+ 53. Kf2 Rc1 54. Rf8+ Ke7 55. Rb8 Rc2+ 
56. Ke1 Kf6 57. Rf8+ Ke5 58. Rf7 Kd4 59. Kd1 Rg2 60. Rg7 Kd3 61. Ke1 Ke3 
62. Kf1 Kxf3 63. Rxg5 Rxg4 1/2-1/2

[Event "Saturday Night Engine Tour 13 rd Swiss 5m+1s Starts at 2200hrs ST"]
[Site "Infinity Chess"]
[Date "2018.1.14"]
[Round "10"]
[White "Gilgamesch"]
[Black "RonWeasley"]
[Result "1/2-1/2"]
[ECO "C08"]
[WhiteElo "2577"]
[BlackElo "2521"]
[WhiteEngine "BrainFish_171005_x64_bmi2"]
[BlackEngine "BrainFish 060118_CTG"]
[EventType "Swiss"]
[WhiteTeam ""]
[BlackTeam ""]
[PlyCount "128"]
[TimeControl "300+1"]

1. e4 e6 2. d4 d5 3. Nd2 c5 4. exd5 exd5 5. Ngf3 Nf6 6. Bb5+ Bd7 7. Bxd7+ Nbxd7 
8. O-O Be7 9. dxc5 Nxc5 10. Nb3 O-O 11. Nxc5 Bxc5 12. Bg5 Be7 13. c3 h6 
14. Be3 Bd6 15. Qb3 Re8 16. g3 b6 17. Bd4 Bc5 18. Rad1 Bxd4 19. Nxd4 Qe7 
20. f3 a5 21. Qb5 g6 22. Kf2 Qc5 23. Rfe1 Rac8 24. Qd3 Kg7 25. a3 Rcd8 
26. Qb5 Rc8 27. Qd3 Rcd8 28. Qb5 Rc8 29. h4 Kf8 30. Rxe8+ Rxe8 31. Rd2 Rc8 
32. Qa4 h5 33. Kg2 Rd8 34. Nb3 Qd6 35. Nd4 Nd7 36. Re2 Nc5 37. Qc2 Re8 
38. Rxe8+ Kxe8 39. b4 axb4 40. axb4 Ne6 41. Qe2 Kf8 42. Nxe6+ fxe6 43. Kf2 Ke7 
44. Qd2 e5 45. Ke3 Kd7 46. Qd3 Kc7 47. Qd2 Qc6 48. Ke2 Qc4+ 49. Kf2 d4 
50. Qe2 Qxe2+ 51. Kxe2 dxc3 52. Kd3 c2 53. Kxc2 Kc6 54. Kc3 Kb5 55. Kb3 Kc6 
56. Ka4 Kd7 57. Kb5 Kc7 58. Ka6 Kc6 59. b5+ Kc5 60. g4 hxg4 61. fxg4 e4 
62. h5 gxh5 63. gxh5 e3 64. h6 e2 1/2-1/2

[Event "Saturday Night Engine Tour 13 rd Swiss 5m+1s Starts at 2200hrs ST"]
[Site "Infinity Chess"]
[Date "2018.1.14"]
[Round "10"]
[White "xeonrocks"]
[Black "Vimtiroba"]
[Result "1/2-1/2"]
[ECO "C50"]
[WhiteElo "2608"]
[BlackElo "2527"]
[WhiteEngine "asmFishW_bmi2.exe_CTG"]
[BlackEngine "SF@130118_CTG"]
[EventType "Swiss"]
[WhiteTeam ""]
[BlackTeam ""]
[PlyCount "361"]
[TimeControl "300+1"]

1. e4 e5 2. Nf3 Nc6 3. Bc4 Bc5 4. O-O Nf6 5. d3 a6 6. c3 Ba7 7. Be3 Bxe3 
8. fxe3 O-O 9. a4 d6 10. a5 Ne7 11. Nbd2 Bd7 12. b4 b5 13. axb6 cxb6 14. d4 Qc7 
15. Qb3 a5 16. b5 Ng6 17. Bd3 h6 18. c4 Rfe8 19. Qc2 Be6 20. Rf2 Rac8 21. h3 Qe7 
22. Qb3 Rc7 23. Kh2 Bc8 24. Raf1 Nf8 25. Bb1 Rb7 26. Ng1 Ne6 27. Ne2 exd4 
28. exd4 Nxd4 29. Nxd4 Qe5+ 30. Qg3 Qxd4 31. Rxf6 Qxd2 32. Rxd6 Qg5 33. e5 Be6 
34. Be4 Rbb8 35. Qc3 Rec8 36. Bc6 Qh4 37. c5 bxc5 38. Qxa5 Qc4 39. Rf3 Qc1 
40. Rg3 Qb2 41. Qe1 Rxb5 42. Bxb5 Qxb5 43. Qe4 Qb4 44. Qd3 c4 45. Rd8+ Rxd8 
46. Qxd8+ Kh7 47. Qd4 Qe1 48. Qe3 Qd1 49. Qe4+ g6 50. Qe3 Qd5 51. Rf3 Qd1 
52. Rf2 g5 53. Qc3 Kg7 54. Qe3 Qb3 55. Qg3 Qb1 56. Qf3 Kh7 57. Rf1 Qc2 
58. Rd1 Qb3 59. Qe4+ Kg7 60. Qd4 Kh7 61. Rc1 Qa2 62. Qe4+ Kg7 63. Rc2 Qb3 
64. Qe2 Kg6 65. Rc1 Qb5 66. Qe4+ Kg7 67. Qd4 Qb3 68. h4 g4 69. Qd2 Qa3 
70. Qc3 Qxc3 71. Rxc3 Kg6 72. Re3 Kf5 73. g3 Bd5 74. Kg1 Be4 75. Rc3 Bd5 
76. Re3 Be4 77. Rc3 Bd5 78. Kf2 Ke4 79. h5 Kf5 80. Rc1 Kg5 81. Rd1 Be6 
82. Rh1 c3 83. Ke2 c2 84. Kd3 Bb3 85. Kd4 Be6 86. Rc1 Bf5 87. Rh1 Bc8 
88. Ke3 Be6 89. Kd4 Bd7 90. Ke3 Bf5 91. Kd2 Be4 92. Rh2 Bh7 93. Rf2 Bf5 
94. Rf4 Be6 95. Kxc2 Kxh5 96. Kd3 Kg5 97. Rb4 h5 98. Rb8 Kf5 99. Ke3 Kg5 
100. Rg8+ Kf5 101. Rh8 Kg5 102. Rf8 Kf5 103. Rh8 Kg5 104. Ra8 Bf5 105. Rg8+ Bg6 
106. Rb8 Bf5 107. Ke2 Be6 108. Rg8+ Kf5 109. Ke3 Bd5 110. Rh8 Kg5 111. Rd8 Be6 
112. Kd4 Kf5 113. Ke3 Bb3 114. Kd4 Ba2 115. Rh8 Kg5 116. Rf8 Bb3 117. Rg8+ Kf5 
118. Rh8 Kg5 119. Rc8 Kf5 120. Rd8 Be6 121. Ke3 Kg5 122. Rg8+ Kf5 123. Rf8 Bd5 
124. Rb8 Kg5 125. Ke2 Be4 126. Re8 Bf3+ 127. Kf1 Bd5 128. Rc8 Kf5 129. Kg1 Kxe5 
130. Rh8 f5 131. Rxh5 Bf7 132. Rh8 Ke4 133. Kf2 Bd5 134. Ke2 Bc4+ 135. Kf2 Kd3 
136. Rh1 Kd4 137. Ra1 Bb3 138. Rb1 Bf7 139. Rd1+ Ke4 140. Ra1 Bc4 141. Rb1 Be6 
142. Ra1 Bb3 143. Rb1 Bf7 144. Ra1 Bd5 145. Rb1 Kd4 146. Ra1 Ke5 147. Ke3 Bf3 
148. Ra5+ Bd5 149. Ra1 Ke6 150. Rb1 Ba2 151. Ra1 Bd5 152. Rb1 Kd6 153. Re1 Bf3 
154. Rc1 Ke5 155. Rc5+ Ke6 156. Rb5 Bh1 157. Rb1 Ba8 158. Rb5 Kf6 159. Rb8 Bh1 
160. Rb1 Ba8 161. Rb3 Bf3 162. Rb1 Kg6 163. Rb4 Kf6 164. Rd4 Ke5 165. Ra4 Bc6 
166. Ra7 Bh1 167. Ra1 Bf3 168. Ra5+ Ke6 169. Ra2 Be4 170. Re2 Ke5 171. Rb2 Bd5 
172. Rb8 Bg2 173. Rf8 Bd5 174. Kf2 Ke6 175. Re8+ Kf6 176. Re1 Kf7 177. Re5 Be4 
178. Rxe4 fxe4 179. Ke3 Kf6 180. Kxe4 Kg7 181. Kf5 1/2-1/2

[Event "Saturday Night Engine Tour 13 rd Swiss 5m+1s Starts at 2200hrs ST"]
[Site "Infinity Chess"]
[Date "2018.1.14"]
[Round "9"]
[White "ocirema"]
[Black "KillBill2017"]
[Result "1/2-1/2"]
[ECO "C50"]
[WhiteElo "2499"]
[BlackElo "2448"]
[WhiteEngine "stockfish_18010422_x64_modern_CTG"]
[BlackEngine "asmFishW_2018-01-12_popcnt_CTG"]
[EventType "Swiss"]
[WhiteTeam ""]
[BlackTeam ""]
[PlyCount "70"]
[TimeControl "300+1"]

1. e4 e5 2. Nf3 Nc6 3. Bc4 Bc5 4. O-O Nf6 5. d3 d6 6. c3 O-O 7. h3 a5 8. Nbd2 h6 
9. Re1 Be6 10. a4 Ba7 11. Bxe6 fxe6 12. Qb3 Qe8 13. Nf1 Nh5 14. Be3 Nf4 
15. Bxa7 Nxa7 16. Re3 Rb8 17. Kh2 b5 18. g3 bxa4 19. Qc2 Nh5 20. N1d2 Qb5 
21. Nc4 d5 22. exd5 exd5 23. Ncxe5 Qxb2 24. Qxb2 Rxb2 25. Kg2 Nb5 26. Ng6 Rd8 
27. Ne7+ Kh7 28. Re5 Nf6 29. Rxa4 Nxc3 30. Rh4 Kh8 31. Ng5 Nd7 32. Ng6+ Kg8 
33. Ne7+ Kh8 34. Nf7+ Kh7 35. Ng5+ Kh8 1/2-1/2

[Event "Saturday Night Engine Tour 13 rd Swiss 5m+1s Starts at 2200hrs ST"]
[Site "Infinity Chess"]
[Date "2018.1.14"]
[Round "9"]
[White "Cepri"]
[Black "neófito"]
[Result "1/2-1/2"]
[ECO "E17"]
[WhiteElo "2467"]
[BlackElo "2484"]
[WhiteEngine "asmFishW_12J18Mb_CTG"]
[BlackEngine "BrainFish_180106_x64_bmi2_CTG"]
[EventType "Swiss"]
[WhiteTeam ""]
[BlackTeam ""]
[PlyCount "70"]
[TimeControl "300+1"]

1. d4 Nf6 2. c4 e6 3. Nf3 b6 4. g3 Bb7 5. Bg2 Be7 6. O-O O-O 7. Nc3 Ne4 
8. Qd3 Nxc3 9. Qxc3 c5 10. Rd1 Bf6 11. Qd3 d5 12. dxc5 Ba6 13. Nd2 Nd7 
14. c6 Ne5 15. Qc2 Nxc6 16. Qa4 Qc8 17. cxd5 exd5 18. Bxd5 Bxe2 19. Ne4 Bxd1 
20. Nxf6+ gxf6 21. Qxd1 Ne5 22. Qh5 Rd8 23. Be4 Ng6 24. Bxa8 Qxa8 25. Bh6 Ne5 
26. Rd1 Rxd1+ 27. Qxd1 Nf3+ 28. Kg2 Ne1+ 29. Kf1 Nf3 30. Kg2 Ne1+ 31. Kf1 Qh1+ 
32. Ke2 Qe4+ 33. Kf1 Qh1+ 34. Ke2 Qe4+ 35. Kf1 Qh1+ 1/2-1/2

[Event "Saturday Night Engine Tour 13 rd Swiss 5m+1s Starts at 2200hrs ST"]
[Site "Infinity Chess"]
[Date "2018.1.14"]
[Round "9"]
[White "MiKachomiKa QueeN"]
[Black "Dovahkiin"]
[Result "1/2-1/2"]
[ECO "A06"]
[WhiteElo "2488"]
[BlackElo "2414"]
[WhiteEngine "stockfish_18011309_x64_modern_CTG"]
[BlackEngine "BrainFish_180106_x64_modern_CTG"]
[EventType "Swiss"]
[WhiteTeam ""]
[BlackTeam ""]
[PlyCount "112"]
[TimeControl "300+1"]

1. Nf3 d5 2. d4 Nf6 3. c4 dxc4 4. e3 e6 5. Bxc4 c5 6. O-O a6 7. b3 cxd4 
8. Nxd4 Be7 9. Bb2 O-O 10. Be2 Bd7 11. Nd2 Nc6 12. N4f3 Rc8 13. h3 Nd5 
14. Rc1 Bf6 15. Bxf6 Qxf6 16. Ne4 Qe7 17. Bc4 Ncb4 18. a3 Na2 19. Rc2 b5 
20. Bxd5 exd5 21. Rxc8 Bxc8 22. Ned2 Bf5 23. b4 Nc3 24. Qb3 Ne2+ 25. Kh1 d4 
26. Nxd4 Nxd4 27. exd4 Qe2 28. Qe3 Re8 29. Qxe2 Rxe2 30. Nb3 h5 31. Nc5 Rd2 
32. Re1 g6 33. Kg1 Rxd4 34. Nxa6 Kg7 35. Nc7 Bd7 36. Re5 Kf6 37. Rc5 Rc4 
38. Na6 Rxc5 39. Nxc5 Bc6 40. h4 Ke5 41. f3 f6 42. Kf2 g5 43. g3 gxh4 
44. gxh4 Kd4 45. Na6 f5 46. Nc7 f4 47. Ne6+ Ke5 48. Nc5 Kf5 49. Kg2 Kf6 
50. Nb3 Ke5 51. Kf2 Bd5 52. Nc5 Bc6 53. Nd3+ Kf5 54. Nc5 Ke5 55. Nb3 Bd5 
56. Nc5 Bc6 1/2-1/2

[Event "Saturday Night Engine Tour 13 rd Swiss 5m+1s Starts at 2200hrs ST"]
[Site "Infinity Chess"]
[Date "2018.1.14"]
[Round "9"]
[White "KULLANI"]
[Black "pablo"]
[Result "1/2-1/2"]
[ECO "C50"]
[WhiteElo "2446"]
[BlackElo "2506"]
[WhiteEngine "BrainFish_180106_x64_CTG"]
[BlackEngine "asmFishW_2017-12-20_bmi2_CTG"]
[EventType "Swiss"]
[WhiteTeam ""]
[BlackTeam ""]
[PlyCount "100"]
[TimeControl "300+1"]

1. e4 e5 2. Nf3 Nc6 3. Bc4 Bc5 4. d3 Nf6 5. c3 d6 6. O-O O-O 7. Bg5 h6 8. Bh4 a6 
9. a4 g5 10. Bg3 Ba7 11. Nbd2 Nh7 12. h3 h5 13. Kh1 Kh8 14. b4 h4 15. Bh2 g4 
16. hxg4 Bxg4 17. b5 Na5 18. bxa6 bxa6 19. d4 exd4 20. cxd4 Bxd4 21. Rc1 Nxc4 
22. Rxc4 Bg7 23. e5 Qd7 24. Re1 Rae8 25. Qc2 Bf5 26. Rxc7 Bxc2 27. Rxd7 dxe5 
28. Bxe5 Bxa4 29. Rd4 Bb5 30. Bxg7+ Kxg7 31. Rg4+ Kh8 32. Ne5 Nf6 33. Rxh4+ Kg7 
34. Kg1 Rh8 35. Rxh8 Rxh8 36. Ndc4 Nd7 37. Nd6 Nxe5 38. Rxe5 Rb8 39. Re7 Rb6 
40. Rxf7+ Kg6 41. Nc8 Kxf7 42. Nxb6 Ke6 43. f4 a5 44. g3 a4 45. Nxa4 Bxa4 
46. g4 Bd1 47. f5+ Ke5 48. g5 Bc2 49. g6 Bb3 50. g7 Kxf5 1/2-1/2

[Event "Saturday Night Engine Tour 13 rd Swiss 5m+1s Starts at 2200hrs ST"]
[Site "Infinity Chess"]
[Date "2018.1.14"]
[Round "9"]
[White "MarioDeMonti"]
[Black "MrScience"]
[Result "1/2-1/2"]
[ECO "C53"]
[WhiteElo "2497"]
[BlackElo "2551"]
[WhiteEngine "stockfish_x64_bmi2_2018_01_01_CTG"]
[BlackEngine "BrainFish_x64_modern"]
[EventType "Swiss"]
[WhiteTeam ""]
[BlackTeam ""]
[PlyCount "110"]
[TimeControl "300+1"]

1. e4 e5 2. Nf3 Nc6 3. Bc4 Bc5 4. c3 Nf6 5. d3 d6 6. O-O O-O 7. Bg5 h6 8. Bh4 a5 
9. Nbd2 Ba7 10. Bb3 g5 11. Bg3 Nh7 12. Kh1 Kh8 13. Nc4 h5 14. h4 g4 15. Ng1 f5 
16. exf5 Bxf5 17. Ne2 Nf6 18. Ba4 Qc8 19. Qd2 Qe6 20. Rad1 Bh7 21. Bxc6 bxc6 
22. Nxa5 Bb6 23. Nxc6 Qe8 24. Nb4 c5 25. Nc2 c4 26. d4 Ne4 27. Qc1 Rxa2 
28. Na3 Qe6 29. dxe5 dxe5 30. Nxc4 Bc5 31. Ne3 Rb8 32. c4 Raxb2 33. Rd8+ Rxd8 
34. Qxb2 Nxg3+ 35. Nxg3 Qe7 36. Kg1 Bd4 37. Qb5 Rf8 38. Qc6 Rf6 39. Qd5 Bg6 
40. Ne2 Bxe3 41. fxe3 Rxf1+ 42. Kxf1 Kg7 43. Ng3 Qxh4 44. Qd7+ Kh6 45. Nf5+ Bxf5 
46. Qxf5 g3 47. Qe6+ Kh7 48. Ke2 Qe4 49. Qf7+ Kh6 50. Qf8+ Kg5 51. Qg7+ Kh4 
52. Qf6+ Kg4 53. Qg7+ Kh4 54. Qf6+ Kg4 55. Qg7+ Kh4 1/2-1/2

[Event "Saturday Night Engine Tour 13 rd Swiss 5m+1s Starts at 2200hrs ST"]
[Site "Infinity Chess"]
[Date "2018.1.14"]
[Round "9"]
[White "Gilgamesch"]
[Black "OlivierEvan"]
[Result "1-0"]
[ECO "C07"]
[WhiteElo "2563"]
[BlackElo "2509"]
[WhiteEngine "BrainFish_171005_x64_bmi2"]
[BlackEngine "Houdini 6"]
[EventType "Swiss"]
[WhiteTeam ""]
[BlackTeam ""]
[PlyCount "193"]
[TimeControl "300+1"]

1. e4 e6 2. d4 d5 3. Nd2 c5 4. exd5 Qxd5 5. dxc5 Bxc5 6. Ngf3 Nf6 7. Bc4 Qh5 
8. Qe2 Be7 9. Ne4 Nxe4 10. Qxe4 Nd7 11. Be2 Qc5 12. Be3 Nf6 13. Qd4 Qa5+ 
14. Bd2 Qc7 15. O-O O-O 16. c3 Bd7 17. Bf4 Qa5 18. Ne5 Ba4 19. b3 Be8 20. c4 Rd8 
21. Qe3 b5 22. Qh3 bxc4 23. Nxc4 Qa6 24. Be5 Bb5 25. a4 Bxc4 26. Bxc4 Qa5 
27. Rae1 Qc5 28. Ba1 h6 29. Re3 Ne8 30. Rg3 Bg5 31. Qh5 Kh7 32. h4 g6 
33. Rxg5 Qxg5 34. Qxg5 hxg5 35. hxg5 f6 36. g3 fxg5 37. Kg2 Ng7 38. Rh1+ Kg8 
39. Bc3 Rd7 40. g4 Kf7 41. f3 Rb7 42. Rh7 Kg8 43. Rh6 Kf7 44. Rh7 Kg8 
45. Rh6 Kf7 46. Be5 Rd8 47. Rh7 Kg8 48. Rh1 Kf7 49. Kf2 Rbd7 50. Bc3 Ne8 
51. Bb5 Nf6 52. Bxd7 Rxd7 53. b4 Rd3 54. Be5 Rd2+ 55. Kg3 Rd5 56. Bb8 a6 
57. Rc1 Nd7 58. Rc7 Ke8 59. Rc8+ Kf7 60. a5 Rd4 61. Rc7 Ke8 62. Rb7 Nxb8 
63. Rxb8+ Ke7 64. Kf2 Rd3 65. Rb6 Rb3 66. Ke1 Rb2 67. Kd1 Kd7 68. Kc1 Rb3 
69. Kd2 Ke7 70. Kc2 Rxf3 71. Rxa6 Rf2+ 72. Kc3 Rf3+ 73. Kc4 Rg3 74. Ra8 Rxg4+ 
75. Kc5 Rg3 76. a6 Rc3+ 77. Kb6 g4 78. a7 Ra3 79. Rg8 Kf6 80. a8=Q Rxa8 
81. Rxa8 g3 82. Kc5 g2 83. Ra1 e5 84. Rg1 e4 85. Rxg2 e3 86. Re2 g5 87. Rxe3 Kf5 
88. Kd4 g4 89. b5 g3 90. Rxg3 Kf4 91. Re3 Kg5 92. b6 Kf4 93. b7 Kg5 94. b8=Q Kg6 
95. Qg8+ Kf6 96. Kd5 Kf5 97. Rf3# 1-0

[Event "Saturday Night Engine Tour 13 rd Swiss 5m+1s Starts at 2200hrs ST"]
[Site "Infinity Chess"]
[Date "2018.1.14"]
[Round "9"]
[White "Vimtiroba"]
[Black "Thor"]
[Result "1/2-1/2"]
[ECO "B23"]
[WhiteElo "2523"]
[BlackElo "2619"]
[WhiteEngine "SF@130118_CTG"]
[BlackEngine "asmFishW_2017-11-19_bmi2"]
[EventType "Swiss"]
[WhiteTeam ""]
[BlackTeam ""]
[PlyCount "146"]
[TimeControl "300+1"]

1. e4 c5 2. Nc3 d6 3. Nge2 Nf6 4. d4 cxd4 5. Nxd4 a6 6. Nb3 Nc6 7. Be3 e6 
8. f4 b5 9. Bd3 Be7 10. Qf3 b4 11. e5 dxe5 12. fxe5 Nd5 13. Nxd5 exd5 
14. O-O O-O 15. Rae1 a5 16. Bf2 a4 17. Nd4 Nxd4 18. Bxd4 Be6 19. Qh5 g6 
20. Qe2 Rb8 21. b3 a3 22. Kh1 Re8 23. Qf3 Rb7 24. Ba6 Rb8 25. Bd3 Rb7 
26. Re2 Bf8 27. Qg3 Bh6 28. Bc5 Bg5 29. Qf2 Bg4 30. Ree1 Be6 31. Re2 Bg4 
32. Ree1 Be6 33. Ba6 Rb8 34. Re2 Bh4 35. Qd4 Qa5 36. Bd3 Bg5 37. Qf2 Rb7 
38. h3 Qd8 39. Ba6 Rb8 40. Ba7 Ra8 41. Bb6 Qd7 42. Bd3 Rac8 43. Bc5 Be7 
44. Bxe7 Qxe7 45. Qe3 Bd7 46. Rf4 Rb8 47. Qd4 Qg5 48. h4 Qh6 49. g3 Be6 
50. Rh2 Bd7 51. Qxd5 Be6 52. Qf3 Rbd8 53. Rf2 Bd5 54. Be4 Rxe5 55. Bxd5 Rexd5 
56. Rxf7 g5 57. Rf6 Qg7 58. Rf7 Qh6 59. Re7 Qg6 60. hxg5 Rxg5 61. Rd7 Re8 
62. Kg2 Qe4 63. Qxe4 Rxe4 64. Rb7 Rge5 65. Rff7 Re2+ 66. Kh3 Rxc2 67. Rg7+ Kh8 
68. Rxh7+ Kg8 69. Kg4 Rxa2 70. Rhg7+ Kh8 71. Rh7+ Kg8 72. Rhg7+ Kh8 73. Rh7+ Kg8 
1/2-1/2

[Event "Saturday Night Engine Tour 13 rd Swiss 5m+1s Starts at 2200hrs ST"]
[Site "Infinity Chess"]
[Date "2018.1.14"]
[Round "9"]
[White "Pirate"]
[Black "xeonrocks"]
[Result "1/2-1/2 "]
[ECO "C50"]
[WhiteElo "2563"]
[BlackElo "2610"]
[WhiteEngine "asmFishW_20_bmi2_CTG"]
[BlackEngine "asmFishW_bmi2.exe_CTG"]
[EventType "Swiss"]
[WhiteTeam ""]
[BlackTeam ""]
[PlyCount "181"]
[TimeControl "300+1"]

1. e4 e5 2. Nf3 Nc6 3. Bc4 Bc5 4. O-O Nf6 5. d3 d6 6. c3 a5 7. Bg5 Ba7 8. Bh4 h6 
9. Na3 g5 10. Bg3 O-O 11. Re1 g4 12. Bh4 Kg7 13. Nc2 gxf3 14. Qxf3 Be6 
15. Bd5 Rg8 16. h3 Nb8 17. Bxb7 Nbd7 18. Bxa8 Qxa8 19. Ne3 Nh7 20. Nf5+ Bxf5 
21. Qxf5 Ndf8 22. Bg3 Qb7 23. d4 exd4 24. e5 Ng6 25. Rad1 dxe5 26. Bxe5+ Nxe5 
27. Qxe5+ Nf6 28. cxd4 Kh7 29. g3 Kg7 30. Qxa5 Rd8 31. Qa4 c6 32. Rd2 Rd6 
33. Kh2 Bb6 34. Re5 Qc7 35. Qd1 Qd7 36. Qf3 Rxd4 37. Rxd4 Bxd4 38. Re2 c5 
39. b3 Qa7 40. a4 c4 41. bxc4 Qxa4 42. Qf4 Ba7 43. Rb2 Qc6 44. Rd2 Qe4 
45. Qxe4 Nxe4 46. Rd5 Bxf2 47. Kg2 Bb6 48. g4 Kf6 49. g5+ Kg6 50. c5 Bxc5 
51. Re5 hxg5 52. Rxe4 g4 53. Rxg4+ Kh6 54. Rh4+ Kg5 55. Re4 f6 56. Kf3 Ba3 
57. h4+ Kh5 58. Ra4 Bc1 59. Kg2 Bb2 60. Kf3 Bc1 61. Kg3 Bb2 62. Rg4 Ba1 
63. Rb4 Bc3 64. Rb1 Bd2 65. Ra1 Bc3 66. Rd1 Bb2 67. Rg1 Ba3 68. Ra1 Bd6+ 
69. Kh3 Bb4 70. Rb1 Bd2 71. Ra1 Bc3 72. Rb1 Bd2 73. Ra1 Bc3 74. Rf1 Bb2 
75. Rd1 Ba3 76. Ra1 Bb2 77. Rb1 Be5 78. Rc1 Bb2 79. Re1 Ba3 80. Ra1 Bb2 
81. Re1 Ba3 82. Rh1 Bb2 83. Rd1 Ba3 84. Rd5+ Kh6 85. Ra5 Bc1 86. h5 Bd2 
87. Rb5 Be1 88. Rb1 Bd2 89. Kh4 Bc3 90. Kg4 Bd4 91. Rf1 1/2-1/2

[Event "Saturday Night Engine Tour 13 rd Swiss 5m+1s Starts at 2200hrs ST"]
[Site "Infinity Chess"]
[Date "2018.1.13"]
[Round "8"]
[White "KillBill2017"]
[Black "KULLANI"]
[Result "1/2-1/2"]
[ECO "C50"]
[WhiteElo "2448"]
[BlackElo "2446"]
[WhiteEngine "asmFishW_2018-01-12_popcnt_CTG"]
[BlackEngine "BrainFish_180106_x64_CTG"]
[EventType "Swiss"]
[WhiteTeam ""]
[BlackTeam ""]
[PlyCount "118"]
[TimeControl "300+1"]

1. e4 e5 2. Nf3 Nc6 3. Bc4 Bc5 4. O-O Nf6 5. d3 d6 6. c3 a5 7. Bg5 Ba7 
8. Nbd2 h6 9. Bh4 g5 10. Bg3 O-O 11. Bb3 Be6 12. a4 Nd7 13. Bxe6 fxe6 
14. Qb3 Nc5 15. Qb5 g4 16. Nh4 Bb6 17. Qc4 Qd7 18. d4 exd4 19. cxd4 Na6 
20. Nb3 Rae8 21. Rad1 Nab4 22. e5 d5 23. Qc1 Qh7 24. Bf4 Kg7 25. g3 Rf7 
26. Be3 Ref8 27. Ng2 h5 28. Nf4 Re8 29. h4 Kg8 30. Qc3 Nb8 31. Qc1 Nd7 
32. Bd2 Nd3 33. Nxd3 Qxd3 34. Bc3 Qf5 35. Qd2 c5 36. Bxa5 Bxa5 37. Qxa5 Qc2 
38. Qc3 Qxc3 39. bxc3 Rf3 40. Nxc5 Nxc5 41. dxc5 Rxc3 42. Rb1 Re7 43. Rfc1 Rxc1+ 
44. Rxc1 Kg7 45. f3 gxf3 46. Rc3 Rc7 47. Kf2 Rc6 48. Rxf3 Rxc5 49. Rf6 Ra5 
50. Rxe6 Rxa4 51. Re7+ Kg6 52. Rxb7 Re4 53. Kf3 Rxe5 54. Rb6+ Kf7 55. Kf4 Re4+ 
56. Kf5 Re3 57. g4 hxg4 58. Kxg4 Re5 59. h5 Re4+ 1/2-1/2

[Event "Saturday Night Engine Tour 13 rd Swiss 5m+1s Starts at 2200hrs ST"]
[Site "Infinity Chess"]
[Date "2018.1.13"]
[Round "8"]
[White "Dovahkiin"]
[Black "incredible"]
[Result "1/2-1/2 "]
[ECO "A45"]
[WhiteElo "2412"]
[BlackElo "2456"]
[WhiteEngine "BrainFish_180106_x64_modern_CTG"]
[BlackEngine "stockfish_18011309_x64_bmi2"]
[EventType "Swiss"]
[WhiteTeam ""]
[BlackTeam ""]
[PlyCount "202"]
[TimeControl "300+1"]

1. d4 Nf6 2. Bf4 c5 3. e3 Qb6 4. Nc3 Qxb2 5. Nb5 Nd5 6. a3 a6 7. Rb1 Qa2 
8. Qc1 axb5 9. Ra1 Qxa1 10. Qxa1 Nc6 11. dxc5 b4 12. a4 Nc3 13. Ne2 Rxa4 
14. Qc1 Nxe2 15. Bxe2 e5 16. Bb5 Ra3 17. Bxc6 exf4 18. Bf3 fxe3 19. Qb2 exf2+ 
20. Kd2 Ra6 21. Qxb4 Be7 22. Bxb7 Bxb7 23. Qxb7 Re6 24. Rf1 O-O 25. Rxf2 Bxc5 
26. Re2 Rb6 27. Qc7 Rc6 28. Qa5 g6 29. Ke1 Rb8 30. c3 Bf8 31. g3 Rxc3 
32. Kf1 Rbc8 33. Qb5 d6 34. g4 Rc2 35. Rxc2 Rxc2 36. h3 h5 37. Qa4 Rc5 
38. Ke2 Re5+ 39. Kd3 Bh6 40. Qa8+ Kg7 41. Qa1 hxg4 42. hxg4 Bf4 43. Qd4 Bg3 
44. Qa1 Bf4 45. Qd4 Bg3 46. Qa1 Kf6 47. Qf1+ Ke6 48. Qh3 Ra5 49. Kc3 Be5+ 
50. Kb4 Rc5 51. Qf3 Rc7 52. Qe3 Rb7+ 53. Kc4 Rc7+ 54. Kb4 Kf6 55. Qh6 Rc3 
56. Qh4+ Kg7 57. Kb5 Rc7 58. Qd8 Rc5+ 59. Kb6 Rc4 60. Qh4 Bf4 61. Qh3 Rc1 
62. Qd3 Rc5 63. Qe2 Rc3 64. Kb7 Bg3 65. Qb5 Be5 66. Qe2 Bf6 67. Qg2 Rc4 
68. Kb6 Bd4+ 69. Kb7 Bf6 70. Kb6 Bc3 71. Qe2 Bd4+ 72. Kb7 Rc5 73. Qe4 Bc3 
74. Qf3 Ba1 75. Kb6 Be5 76. Kb7 Rc3 77. Qe2 Kg8 78. Kb6 Rc5 79. Qg2 Rc3 
80. Qa8+ Kg7 81. Qg2 Bd4+ 82. Ka6 Bf6 83. Kb5 Rc5+ 84. Kb6 Rc4 85. Kb5 Rc8 
86. Qe4 Be5 87. Kb6 Rc3 88. Qg2 Bd4+ 89. Ka6 Bf6 90. Kb5 g5 91. Kb4 Rc1 
92. Qf3 Rc5 93. Qb7 Rc3 94. Qe4 Rg3 95. Kc4 Rc3+ 96. Kb4 Rc1 97. Qf3 Rc8 
98. Qg2 Re8 99. Kc4 Re5 100. Kd3 Rc5 101. Qf1 Bc3 1/2-1/2

[Event "Saturday Night Engine Tour 13 rd Swiss 5m+1s Starts at 2200hrs ST"]
[Site "Infinity Chess"]
[Date "2018.1.13"]
[Round "8"]
[White "MarioDeMonti"]
[Black "ocirema"]
[Result "1/2-1/2"]
[ECO "C55"]
[WhiteElo "2497"]
[BlackElo "2499"]
[WhiteEngine "stockfish_x64_bmi2_2018_01_01_CTG"]
[BlackEngine "stockfish_18010422_x64_modern_CTG"]
[EventType "Swiss"]
[WhiteTeam ""]
[BlackTeam ""]
[PlyCount "58"]
[TimeControl "300+1"]

1. e4 e5 2. Nf3 Nc6 3. Bc4 Nf6 4. d3 Bc5 5. c3 O-O 6. O-O d6 7. h3 a5 8. Nbd2 h6 
9. Re1 Be6 10. Bb5 Qb8 11. Nf1 Qa7 12. Re2 a4 13. Ng3 Qa5 14. Bxc6 bxc6 
15. Nh4 Rfe8 16. Re1 d5 17. exd5 Nxd5 18. Nhf5 Qb6 19. Qf3 Nf4 20. d4 Bf8 
21. dxe5 Ng6 22. Qh5 Ra5 23. Nd4 Bc5 24. Qd1 Rd8 25. Re4 Bd5 26. Re2 Bc4 
27. Re4 Bd5 28. Rg4 Be6 29. Re4 Bd5 1/2-1/2